 Dungeon Crawl Stone Soup version 0.19.4-9-g45fd643 (webtiles) character file.

364 gvardota the Destroyer (level 6, 0/32 HPs)
             Began as a Tengu Conjurer on Feb 23, 2017.
             Succumbed to a scorpion's poison
             ... on level 4 of the Dungeon.
             The game lasted 00:14:59 (3339 turns).

gvardota the Destroyer (Tengu Conjurer)             Turns: 3339, Time: 00:15:00

Health: 0/32       AC:  3    Str:  9    XL:     6   Next: 67%
Magic:  1/11       EV: 13    Int: 17    God:
Gold:   176        SH:  0    Dex: 14    Spells: 3 memorised, 4 levels left

rFire  . . .     SeeInvis .     g - +0 dagger
rCold  . . .     Gourm    .     a - +0 robe
rNeg   . . .     Faith    .     (no shield)
rPois  .         Spirit   .     (helmet restricted)
rElec  .         Reflect  .     (no cloak)
rCorr  .         Harm     .     k - +0 pair of gloves
MR     .....                    (boots unavailable)
Stlth  ++........               (no amulet)
                                (no ring)
                                t - +1 ring of evasion

@: lethally poisoned (0 -> -7)
A: beak, talons 3, able to fly 1
a: Fly


You were on level 4 of the Dungeon.
You were not hungry.

You visited 1 branch of the dungeon, and saw 4 of its levels.

You collected 176 gold pieces.

Inventory:

Hand Weapons
 g - a +0 dagger (weapon)
Armour
 a - a +0 robe (worn)
 k - a +0 pair of gloves (worn)
 p - a +1 leather armour of poison resistance
Jewellery
 t - a +1 ring of evasion (left hand)
Wands
 e - a wand of flame (48/48)
Scrolls
 m - 2 scrolls of remove curse
 s - a scroll of amnesia
Potions
 d - a potion of invisibility
 f - a potion of agility
 h - a potion of heal wounds
 j - 3 potions of curing {unknown}
 l - a potion of lignification
 n - a potion of ambrosia
 o - a potion of brilliance {unknown}
 r - 2 potions of mutation {unknown}
Books
 b - a book of Conjurations

   Spells                             Type                      Level
   a - Magic Dart                     Conjuration                  1
   b - Searing Ray                    Conjuration                  2
   c - Dazzling Spray                 Conjuration/Hexes            3
   d - Fulminant Prism                Conjuration/Hexes            4
   e - Iskenderun's Mystic Blast      Conjuration                  4
   f - Iskenderun's Battlesphere      Conjuration/Charms           5
Comestibles
 c - 3 bread rations
 q - a slice of pizza
 w - a meat ration


   Skills:
 - Level 0.2 Short Blades
 - Level 2.1 Dodging
 - Level 2.0 Stealth
 * Level 2.9 Spellcasting
 + Level 9.6 Conjurations


You had 4 spell levels left.
You knew the following spells:

 Your Spells              Type           Power        Failure   Level  Hunger
a - Magic Dart            Conj           ####         1%          1    #......
b - Searing Ray           Conj           #####.       1%          2    ##.....
c - Dazzling Spray        Conj/Hex       ###...       10%         3    ###....


Dungeon Overview and Level Annotations

Branches:
Dungeon (4/15)
 Temple: D:4-7

Altars:
Ru


Innate Abilities, Weirdness & Mutations

You have a beak for a mouth.
You have claws for feet.
You can fly.


Message History

The orc shouts!
The scorpion stings you.
You are poisoned.
The scorpion poisons you!
The searing ray hits the scorpion.
The scorpion is severely wounded.
You feel sick. The scorpion misses you.
The searing ray hits the scorpion.
You kill the scorpion!
The searing ray hits the orc priest.
The orc priest is heavily wounded.
You finish channeling your searing ray.
You feel sick.
You feel sick.
The orc priest invokes the aid of Beogh against you.
Pain shoots through your body!
You feel sick.
The orc priest calls down the wrath of Beogh upon you.
Pain shoots through your body!
* * * LOW HITPOINT WARNING * * *
You die...

#.###.# #...#####.#.########
***##.....####...................
,,..............#################
**###########...# ##### #..#
#.... * #..# #)### ******* #..#
#.# ,,,,,,**######..####### #.#
*****,,,........@...o.# #.# *
*****######.#####†# #.# #(..# *.#
##.## *** ###.# *o# ##...## ,,*
#.# *># #.#...# *,** #.# *o#
##.#..# ,,,***** #.# *.# ##.#.#
,*,,,,,* #<# *.# ###.# ,...##.*
#.# *,* #.#


You could see an orc priest.

Vanquished Creatures
  A scorpion (D:4)
  An orc priest (D:3)
  An orc wizard (D:4)
  Ijyb (D:2)
  Terence (D:3)
  Natasha (twice) (D:4)
  Robin (D:3)
  An adder (D:2)
  3 oozes
  A worm (D:4)
  4 dart slugs
  2 leopard geckos
  12 orcs
  2 ball pythons (D:1)
  2 giant cockroaches
  28 goblins
  10 hobgoblins
  5 jackals
  A quokka (D:2)
  3 bats
  2 frilled lizards
  4 kobolds
  9 rats
97 creatures vanquished.

Notes
Turn   | Place    | Note
-------+----------+-------------------------------------------
     0 | D:1      | gvardota the Tengu Conjurer began the quest for the Orb.
     0 | D:1      | Reached XP level 1. HP: 10/10 MP: 4/4
   116 | D:1      | Reached XP level 2. HP: 15/15 MP: 1/6
   170 | D:1      | Reached skill level 6 in Conjurations
   187 | D:1      | Learned a level 2 spell: Searing Ray
   388 | D:1      | Reached XP level 3. HP: 19/19 MP: 3/7
   576 | D:1      | Learned a level 3 spell: Dazzling Spray
   671 | D:2      | Found a faded altar of an unknown god.
   783 | D:2      | Reached skill level 7 in Conjurations
   978 | D:2      | Reached XP level 4. HP: 24/24 MP: 6/8
  1230 | D:2      | Noticed Ijyb
  1248 | D:2      | Killed Ijyb
  1855 | D:3      | Reached skill level 8 in Conjurations
  1874 | D:3      | Gained mutation: You can fly. [Tengu growth]
  1874 | D:3      | Reached XP level 5. HP: 28/28 MP: 3/9
  2077 | D:3      | Noticed Robin
  2241 | D:3      | Noticed Terence
  2250 | D:3      | Killed Terence
  2302 | D:3      | Killed Robin
  2302 | D:3      | Reached skill level 9 in Conjurations
  2659 | D:3      | Reached XP level 6. HP: 31/32 MP: 8/10
  2709 | D:3      | Found a sacrificial altar of Ru.
  2944 | D:4      | Noticed Natasha
  2947 | D:4      | Killed Natasha
  3248 | D:4      | Noticed Natasha
  3255 | D:4      | Killed Natasha
  3337 | D:4      | HP: 1/32 [orc priest/nerve-wracking pain (14)]
  3339 | D:4      | Succumbed to a scorpion's poison

Skill      XL: |  1  2  3  4  5 |
---------------+----------------+-----
Conjurations   | 6 7 8 9 |  9.6
Short Blades   | |  0.2
Dodging        | |  2.1
Stealth        | |  2.0
Spellcasting   | |  2.9

Action                   |  1- 3 |  4- 6 || total
-------------------------+-------+-------++-------
Melee: Dagger            |       |    50 ||    50
       Kick              |       |    11 ||    11
       Peck              |       |     5 ||     5
 Cast: Magic Dart        |    60 |    77 ||   137
       Searing Ray       |     1 |    16 ||    17
       Dazzling Spray    |       |     1 ||     1
  Use: Scroll            |     1 |    12 ||    13
  Eat: Chunk             |     1 |    10 ||    11
Armor: Robe              |       |    10 ||    10
Dodge: Dodged            |     3 |    37 ||    40
